[Event "*** Titled Tuesday Blitz"]
[Site "Chess.com"]
[Date "2021.02.02"]
[Round "7"]
[White "ajdemipopushi"]
[Black "nikitadovbnya2008"]
[Result "1-0"]
[WhiteElo "2328"]
[BlackElo "2140"]
[TimeControl "180+1"]
[EndTime "11:17:46 PST"]
[Termination "ajdemipopushi won on time"]

1. Nf3 d5 2. g3 Nf6 3. c4 e6 4.
Bg2 Be7 5. O-O O-O 6. d4 c5 7. cxd5 exd5 8. Nc3 Nc6 9. dxc5 Bxc5 10. Bg5 d4 11. Ne4 Be7 12. Bxf6 Bxf6 13. Ne1 g6 14.
Nd3 Bg7 15. Rc1 Bf5 16. Ndc5 Qe7 17. Qb3 b6 18. Nd6 Qxd6 19. Nb7 Qe7 20. Bxc6 Rac8 21. Bf3 Bh6 22. Rxc8 Rxc8 23. Qd5 Bg7 24. Nd6 Qd7 25.
Nxf5 Qxf5 26. Qb7 h5 27. h4 d3 28. Be4 Qe6 29. Bd5 1-0

[Event "*** Titled Tuesday Blitz"]
[Site "Chess.com"]
[Date "2021.02.02"]
[Round "7"]
[White "kirillshevchenko"]
[Black "kingofthenil"]
[Result "1-0"]
[WhiteElo "2847"]
[BlackElo "2670"]
[TimeControl "180+1"]
[EndTime "11:17:47 PST"]
[Termination "kirillshevchenko won by resignation"]

1. e4 Nc6 2. d4 d5 3. Nc3 dxe4 4. d5 Nb8 5. f3 Nf6 6. fxe4 e6 7. Bb5+ c6 8. dxc6 Qxd1+ 9. Nxd1 Nxc6 10. e5 Ng4 11.
Nf3 Bd7 12. Bxc6 Bxc6 13. Bf4 g5 14. Nxg5 Rg8 15. Nxh7 O-O-O 16. h3 Bxg2 17. Rg1 Be4 18. Nxf8 Nxe5 19. Rxg8 1-0

[Event "*** Titled Tuesday Blitz"]
[Site "Chess.com"]
[Date "2021.02.02"]
[Round "7"]
[White "Darius321"]
[Black "Joseacorrea"]
[Result "1-0"]
[WhiteElo "2278"]
[BlackElo "2020"]
[TimeControl "180+1"]
[EndTime "11:17:47 PST"]
[Termination "Darius321 won on time"]

1. e4 c5 2. Nf3 g6 3. c3 d5 4. e5 Bg7 5. d4 Nc6 6. Bb5 Bd7 7.
Bxc6 Bxc6 8. dxc5 Qa5 9. O-O Qxc5 10. Be3 Qa5 11. Nbd2 Qc7 12. Re1 e6 13. Bc5 Ne7 14.
Nb3 b6 15. Bd6 Qb7 16. Nbd4 O-O-O 17. Bxe7 Rd7 18. Bf6 Bxf6 19. exf6 Re8 20. Ne5 1-0

[Event "*** Titled Tuesday Blitz"]
[Site "Chess.com"]
[Date "2021.02.02"]
[Round "7"]
[White "PotapovaM"]
[Black "SergeyShtyka"]
[Result "1-0"]
[WhiteElo "2645"]
[BlackElo "2474"]
[TimeControl "180+1"]
[EndTime "11:17:49 PST"]
[Termination "PotapovaM won by checkmate"]

1. Nf3 c5 2. e4 Nc6 3. Bb5 g6 4.
Bxc6 dxc6 5. d3 Bg7 6. h3 e5 7.
Be3 b6 8. Nc3 Ne7 9. a3 O-O 10. b4 cxb4 11. axb4 h6 12. O-O Be6 13. b5 Qd7 14. Qb1 Rfc8 15. bxc6 Nxc6 16. Qb2 Kh7 17. Nd2 f5 18. f3 f4 19. Bf2 Nd4 20. Rfe1 Qc6 21.
Bxd4 exd4 22. Nd5 Qxc2 23. Qxc2 Rxc2 24. Nc4 Bxd5 25. exd5 Rd8 26. Rxa7 b5 27. Na5 Kg8 28. Nc6 Rd6 29. Ree7 Bf6 30. Re8# 1-0

[Event "*** Titled Tuesday Blitz"]
[Site "Chess.com"]
[Date "2021.02.02"]
[Round "7"]
[White "KeithArkell"]
[Black "Ze-Pequeno"]
[Result "1-0"]
[WhiteElo "2434"]
[BlackElo "2225"]
[TimeControl "180+1"]
[EndTime "11:17:49 PST"]
[Termination "KeithArkell won on time"]

1. d4 Nf6 2. Nf3 g6 3. c4 Bg7 4. g3 d5 5. cxd5 Nxd5 6. Nc3 Nb6 7. Bg2 Nc6 8. e3 O-O 9. O-O Re8 10. b3 e5 11. Nxe5 Nxe5 12. dxe5 Bxe5 13. Bb2 Qxd1 14. Rfxd1 c6 15. Rd2 Bg4 16. Ne4 Bxb2 17. Rxb2 Kg7 18. Nc5 Re7 19. h3 Be6 20. Rd1 Nd5 21. Nxe6+ fxe6 22. b4 a6 23. a4 Kf6 24. b5 axb5 25. axb5 Rc7 26. bxc6 bxc6 27. Rc2 Ne7 28. Rdc1 Ra6 29. f4 e5 30. Kf2 Rb6 31. Be4 exf4 32. gxf4 h6 33.
h4 g5 34. fxg5+ hxg5 35. h5 Ke5 36. Rc4 Nd5 37. Bxd5 Kxd5 38. Rc5+ Kd6 39. Rxg5 Rb2+ 40. Kg3 Re2 41. Rc3 Ke6 42. h6 Kf6 43. Rgc5 1-0

[Event "*** Titled Tuesday Blitz"]
[Site "Chess.com"]
[Date "2021.02.02"]
[Round "7"]
[White "andrewtnb"]
[Black "kai_nov"]
[Result "1-0"]
[WhiteElo "2298"]
[BlackElo "2379"]
[TimeControl "180+1"]
[EndTime "11:17:50 PST"]
[Termination "andrewtnb won on time"]

1. d4 d5 2. c4 e6 3. Nc3 c6 4. e4 dxe4 5. Nxe4 Bb4+ 6. Nc3 c5 7.
Be3 Nf6 8. Ne2 O-O 9. a3 cxd4 10. axb4 dxe3 11. Qxd8 exf2+ 12. Kxf2 Rxd8 13. h3 e5 14. Ng3 Nc6 15. b5 Nd4 16. Nge4 Nxe4+ 17. Nxe4 Bf5 18.
Nc3 Nc2 19. Ra4 Rd2+ 20. Kg3 h5 21. Be2 g6 22. Bf3 Rad8 23. Rxa7 Ne3 24. b3 R8d3 25.
Ne4 Bxe4 26. Bxe4 Nf1+ 27. Kh4 1-0

[Event "*** Titled Tuesday Blitz"]
[Site "Chess.com"]
[Date "2021.02.02"]
[Round "7"]
[White "IMAghasiyevKamal"]
[Black "Camels1981"]
[Result "1-0"]
[WhiteElo "2571"]
[BlackElo "2287"]
[TimeControl "180+1"]
[EndTime "11:17:51 PST"]
[Termination "IMAghasiyevKamal won by resignation"]

1. d4 Nf6 2. c4 g6 3. Nc3 Bg7 4. e4 O-O 5. Be2 d6 6. Be3 c6 7. g4 a6 8. g5 Ne8 9. h4 b5 10. h5 e5 11. dxe5 Bxe5 12. Nf3 Qe7 13. Nxe5 dxe5 14. hxg6 fxg6 15. Nd5 cxd5 16. Qxd5+ Be6 17.
Qxa8 Nc7 18. Qa7 bxc4 19. Qc5 Qf7 20. Qxe5 Nc6 21. Qc5 Nd8 22. O-O-O Nb7 23. Qb6 Nb5 24. f4 c3 25. Bxb5 axb5 26. Qxb5 Bxa2 27. bxc3 Bc4 28. Qd7 1-0

[Event "*** Titled Tuesday Blitz"]
[Site "Chess.com"]
[Date "2021.02.02"]
[Round "7"]
[White "Naaas1"]
[Black "Sanan_Sjugirov"]
[Result "0-1"]
[WhiteElo "2762"]
[BlackElo "2907"]
[TimeControl "180+1"]
[EndTime "11:17:53 PST"]
[Termination "Sanan_Sjugirov won by resignation"]

1. Nf3 Nf6 2. d4 g6 3. c4 Bg7 4.
g3 c5 5. Bg2 Qa5+ 6. Bd2 Qb6 7.
dxc5 Qxc5 8. Nc3 Qxc4 9. Rc1 Nc6 10. e4 Nxe4 11. b3 Nxc3 12. Rxc3 Qa6 13. Rc2 O-O 14. h4 h5 15. g4 hxg4 16. Ng5 Ne5 17. Bf1 Nd3+ 18. Bxd3 Qxd3 19. h5 d6 20. h6 Bf6 21.
Qc1 Bf5 22. Rc3 Qd5 23. h7+ Kh8 24. O-O 0-1

[Event "*** Titled Tuesday Blitz"]
[Site "Chess.com"]
[Date "2021.02.02"]
[Round "7"]
[White "Sanyura"]
[Black "amatatanav"]
[Result "1-0"]
[WhiteElo "2691"]
[BlackElo "2447"]
[TimeControl "180+1"]
[EndTime "11:17:53 PST"]
[Termination "Sanyura won on time"]

1. e4 c5 2. Nf3 Nc6 3. d4 cxd4 4. Nxd4 g6 5. Nc3 Bg7 6. Be3 Nf6 7. Bc4 O-O 8. Bb3 d5 9. exd5 Na5 10. O-O Nxb3 11.
Nxb3 b6 12. d6 exd6 13. Bf4 Ba6 14. Re1 d5 15. Be5 Re8 16. Qf3 Bc4 17. Nd4 Rxe5 18.
Rxe5 Nd7 19. Rxd5 Bxd5 20. Qxd5 Nc5 21. Nc6 Qxd5 22. Nxd5 Re8 23. c3 Re2 24. Rb1 Nd3 25.
b4 Rxa2 26. c4 Nxf2 27. c5 Ng4 28. cxb6 axb6 29. Nxb6 Ne3 30. Ne7+ Kf8 31. Nbd5 Rxg2+ 32. Kh1 Re2 33. b5 Ng4 34. Nc6 Nf2+ 35. Kg2 Ng4+ 36. Kf3 Rd2 37. Kxg4 Rxd5 38. b6 h5+ 39. Kf3 Rd6 40.
b7 1-0

[Event "*** Titled Tuesday Blitz"]
[Site "Chess.com"]
[Date "2021.02.02"]
[Round "7"]
[White "almo64"]
[Black "AsadliVugar"]
[Result "1-0"]
[WhiteElo "2737"]
[BlackElo "2841"]
[TimeControl "180+1"]
[EndTime "11:17:54 PST"]
[Termination "almo64 won by resignation"]

1. d4 g6 2. e4 Bg7 3. Nc3 d6 4.
h4 h6 5. f4 h5 6. Nf3 Nh6 7. Be3 Nd7 8. Qd2 c5 9. dxc5 Nxc5 10.
Bxc5 dxc5 11. Qxd8+ Kxd8 12. O-O-O+ Kc7 13. Nd5+ Kb8 14. Nxe7 Bg4 15. Bc4 Re8 16. Nd5 Rxe4 17. Rhe1 Rxc4 18.
Re8+ Bc8 19. b3 Rd4 20. Nxd4 cxd4 21. Rde1 Nf5 22. Rg8 b6 23. Ne7 Kb7 24. Nxf5 Bxf5 25. Re7+ Kc6 26. Rxa8 Bf6 27. Rxf7 Bxh4 28. Rxf5 gxf5 29.
Kd2 Bg3 30. Kd3 Bxf4 31. Rh8 Be3 32. Rxh5 f4 33. Ke4 a5 34. a4 Kd6 35. Rb5 Kc6 36. Rd5 1-0

[Event "*** Titled Tuesday Blitz"]
[Site "Chess.com"]
[Date "2021.02.02"]
[Round "7"]
[White "onetowin"]
[Black "Kale36"]
[Result "0-1"]
[WhiteElo "2004"]
[BlackElo "2272"]
[TimeControl "180+1"]
[EndTime "11:17:58 PST"]
[Termination "Kale36 won by resignation"]

1. d4 Nc6 2. Nf3 d6 3. g3 Bg4 4. Bg2 e5 5. dxe5 dxe5 6. O-O Nf6 7. c4 Bc5 8. Qc2 Bxf3 9. Bxf3 Nd4 10. Qa4+ c6 11.
Nd2 O-O 12. b4 Bb6 13. c5 Bc7 14. e3 Nxf3+ 15. Nxf3 Qd7 16. Kg2 Qg4 17. h3 Qe4 18. Qb3 Rad8 19. Qb1 Qd5 20. Bb2 e4 21. Nd4 Rfe8 22.
Qd1 Qg5 23. Qe1 Be5 24. Rb1 h5 25. Ne2 h4 26. Bxe5 Rxe5 27. Nf4 Nd5 28. Rd1 Rf5 29. Nxd5 Rdxd5 30. g4 Rf3 31. Rd4 f5 32. Qd2 fxg4 33. Rxd5 cxd5 0-1

[Event "*** Titled Tuesday Blitz"]
[Site "Chess.com"]
[Date "2021.02.02"]
[Round "7"]
[White "kakakz"]
[Black "paulrusan"]
[Result "1-0"]
[WhiteElo "2455"]
[BlackElo "2255"]
[TimeControl "180+1"]
[EndTime "11:17:59 PST"]
[Termination "kakakz won by resignation"]

1. g3 c5 2. Bg2 Nc6 3. c4 g6 4.
b3 Bg7 5. Nc3 Nf6 6. Bb2 O-O 7.
Nf3 d6 8. O-O Bg4 9. h3 Bd7 10. d4 Qc8 11. Kh2 cxd4 12. Nb5 e5 13. Nxd6 Qc7 14. c5 b6 15. Nb5 Qd8 16. Ba3 Re8 17. Nd6 Re7 18. Rc1 bxc5 19. Bxc5 h6 20.
Nb7 Qe8 21. Bxe7 Qxe7 22. Nc5 Nd5 23. Nxd7 Qxd7 24. Rc5 e4 25. Nd2 f5 26. Nxe4 fxe4 27. Bxe4 Nde7 28. Qc2 Rc8 29. Rc1 Kh7 30. Bxc6 Nxc6 31.
Rxc6 Rxc6 32. Qxc6 Qf5 33. Qf3 Qa5 34. Rc2 h5 35. h4 Qe1 36. Kg2 a5 37. Qe4 Qb1 38. Qd3 a4 39. Rc6 Qxd3 40. exd3 axb3 41. axb3 Bf8 42.
Kf3 1-0

[Event "*** Titled Tuesday Blitz"]
[Site "Chess.com"]
[Date "2021.02.02"]
[Round "7"]
[White "Kostya_Nikologorskiy"]
[Black "sergiochess83"]
[Result "0-1"]
[WhiteElo "2685"]
[BlackElo "2857"]
[TimeControl "180+1"]
[EndTime "11:18:01 PST"]
[Termination "sergiochess83 won by resignation"]

1. d4 Nf6 2. Bf4 c5 3. e3 Nd5 4. Bg3 Qb6 5. b3 cxd4 6. exd4 Nf6 7. Nf3 d5 8. Be2 Nc6 9. O-O Bg4 10. Nc3 e6 11. Nb5 Rc8 12. Nd6+ Bxd6 13. Bxd6 Bxf3 14. Bxf3 Nxd4 15. Be5 Nc6 16. Bxf6 gxf6 17. c4 dxc4 18. bxc4 O-O 19. Rb1 Qc7 20. Bxc6 Qxc6 21. Qg4+ Kh8 22. Qh4 e5 23. Rxb7 Rg8 0-1

[Event "*** Titled Tuesday Blitz"]
[Site "Chess.com"]
[Date "2021.02.02"]
[Round "7"]
[White "SanchezKelvin"]
[Black "NovikovaGalina"]
[Result "1-0"]
[WhiteElo "2462"]
[BlackElo "2247"]
[TimeControl "180+1"]
[EndTime "11:18:01 PST"]
[Termination "SanchezKelvin won by checkmate"]

1. e4 e6 2. d4 d5 3. Nc3 Bb4 4.
Ne2 Nc6 5. a3 Ba5 6. b4 Bb6 7. e5 f6 8. b5 Nce7 9. f4 Nf5 10. g4 Nfh6 11. Ng3 fxe5 12. fxe5 Qh4 13. Be2 Nf7 14. O-O Nxe5 15. Na4 Ng6 16. Nh5 Qe7 17.
Nxb6 axb6 18. a4 Nf6 19. Ba3 Qd8 20. Nxg7+ Kd7 21. Kh1 Rxa4 22. g5 Rxa3 23. Rxa3 Qf8 24. Raf3 Qxg7 25. gxf6 Qf7 26. Bd3 Ke8 27. Qe1 Bd7 28. Qg3 Kd8 29. Ra1 Bc8 30. h4 Nf8 31.
Qg7 Qh5 32. Qe7# 1-0

[Event "*** Titled Tuesday Blitz"]
[Site "Chess.com"]
[Date "2021.02.02"]
[Round "7"]
[White "FearNoEvil12"]
[Black "MrChampion_Coach"]
[Result "0-1"]
[WhiteElo "2189"]
[BlackElo "2407"]
[TimeControl "180+1"]
[EndTime "11:18:02 PST"]
[Termination "MrChampion_Coach won by resignation"]

1. e4 c5 2. Nc3 d6 3. f4 g6 4. Nf3 Bg7 5. Bc4 e6 6. f5 gxf5 7. d3 Ne7 8. Bg5 h6 9. Bh4 Qd7 10. O-O f4 11. Bxe7 Qxe7 12. d4 Nc6 13. dxc5 dxc5 14. Nb5 O-O 15. Qd2 a6 16. Nc3 b5 17. Be2 Nd4 18. Nxd4 cxd4 19. Nd1 Bb7 20. Qxf4 f5 21. exf5 Rxf5 22. Qg3 Rg5 23. Qh3 Bxg2 24. Qxg2 Rxg2+ 25. Kxg2 e5 26. Nf2 e4 27. Rae1 Qb7 28.
Nh3 Rc8 29. Bd1 e3+ 30. Bf3 Rxc2+ 31. Kh1 Qc7 32. Bg2 e2 33. Rf3 Rc1 0-1

[Event "*** Titled Tuesday Blitz"]
[Site "Chess.com"]
[Date "2021.02.02"]
[Round "7"]
[White "awesomevishesh"]
[Black "olksuna"]
[Result "0-1"]
[WhiteElo "2496"]
[BlackElo "2687"]
[TimeControl "180+1"]
[EndTime "11:18:04 PST"]
[Termination "olksuna won on time"]

1. e4 c5 2. Nf3 e6 3. g3 Nc6 4. Bg2 Nf6 5. Qe2 d6 6. O-O Be7 7. c3 e5 8. Rd1 O-O 9. d4 exd4 10. cxd4 Bg4 11. dxc5 Re8 12. h3 Bh5 13. g4 Bg6 14.
e5 Ne4 15. cxd6 Bf8 16. Nc3 Nxd6 17. Bf4 Qa5 18. Rd5 Qb4 19. a3 Qxf4 20. Rad1 Ne4 21. Nxe4 Bxe4 22. Rd7 Nxe5 0-1

[Event "*** Titled Tuesday Blitz"]
[Site "Chess.com"]
[Date "2021.02.02"]
[Round "7"]
[White "Papullon"]
[Black "akanga001"]
[Result "1-0"]
[WhiteElo "2130"]
[BlackElo "1976"]
[TimeControl "180+1"]
[EndTime "11:18:04 PST"]
[Termination "Papullon won by resignation"]

1. d4 Nf6 2. Bg5 c5 3. d5 d6 4. c4 Nbd7 5. Nc3 h6 6. Bh4 g6 7. e4 Bg7 8. Bd3 a6 9. a4 Ne5 10. Nge2 Nxd3+ 11. Qxd3 O-O 12. O-O Nd7 13. f4 g5 14.
fxg5 Ne5 15. Qg3 hxg5 16. Bxg5 Bg4 17. h3 Bxe2 18. Nxe2 Qd7 19. Nf4 Kh7 20. Qh4+ Kg8 21. Bxe7 Rfe8 22. Bf6 Ng6 23. Nxg6 fxg6 24. b3 b5 25. Qg5 Kh7 26. Rf4 Qf7 27. Raf1 Ra7 28. axb5 axb5 29. cxb5 Rb8 30. Qh4+ Kg8 31. Bxg7 Qxg7 32.
Rf6 Ra1 33. Rxa1 Qxf6 34. Qxf6 1-0

[Event "*** Titled Tuesday Blitz"]
[Site "Chess.com"]
[Date "2021.02.02"]
[Round "7"]
[White "Iball95"]
[Black "ElGasanov"]
[Result "0-1"]
[WhiteElo "2630"]
[BlackElo "2852"]
[TimeControl "180+1"]
[EndTime "11:18:07 PST"]
[Termination "ElGasanov won on time"]

1. e4 c5 2. Nf3 Nc6 3. Bb5 Nf6 4. Nc3 d6 5. e5 Nd7 6. exd6 e5 7.
O-O Bxd6 8. Re1 O-O 9. d3 Nd4 10. Bxd7 Nxf3+ 11. Qxf3 Qxd7 12. Qd5 Qe6 13. Qxe6 Bxe6 14. Nb5 Bb8 15. Be3 Rc8 16. a4 a6 17.
Nc3 b6 18. b3 f5 19. a5 b5 20.
Bf4 c4 21. Bxe5 cxb3 22. cxb3 Bxb3 23. Bxb8 Raxb8 24. Ne2 Rd8 25. Nf4 b4 26. h4 Bc2 27.
Re6 b3 0-1

[Event "*** Titled Tuesday Blitz"]
[Site "Chess.com"]
[Date "2021.02.02"]
[Round "7"]
[White "kagg1125"]
[Black "Chessbard1972"]
[Result "0-1"]
[WhiteElo "2562"]
[BlackElo "2418"]
[TimeControl "180+1"]
[EndTime "11:18:08 PST"]
[Termination "Chessbard1972 won by resignation"]

1. e4 c5 2. Nf3 a6 3. g3 d5 4. exd5 Qxd5 5. Bg2 Qe4+ 6. Kf1 Bg4 7. Nc3 Qe6 8. Ng5 Qc4+ 9. d3 Bxd1 10. dxc4 Bxc2 11. Bxb7 Ra7 12. Be4 Bxe4 13. Ngxe4 e6 14. Be3 Nd7 15.
Ke2 Ngf6 16. Rhd1 Be7 17. Nd6+ Bxd6 18. Rxd6 Ke7 19. Rd2 Rb7 20. Rad1 Rhb8 21. b3 h6 22. Na4 g5 23. Nxc5 Nxc5 24. Bxc5+ Ke8 25. f3 Rd7 26. Ke3 Rxd2 27. Rxd2 Nd7 28. Bd4 e5 29. Bc3 f5 30.
Rd6 Ke7 31. Rxh6 Ra8 32. Rg6 Rh8 33. Rxa6 Rxh2 34. c5 f4+ 35. gxf4 gxf4+ 36. Ke4 Nxc5+ 37. Kxe5 Nxa6 38. Kxf4 Rxa2 39. Be5 Ra3 0-1

[Event "*** Titled Tuesday Blitz"]
[Site "Chess.com"]
[Date "2021.02.02"]
[Round "7"]
[White "picturesquecheck"]
[Black "dosto07"]
[Result "0-1"]
[WhiteElo "2215"]
[BlackElo "2426"]
[TimeControl "180+1"]
[EndTime "11:18:08 PST"]
[Termination "dosto07 won by resignation"]

1. e4 e5 2. Nf3 Nc6 3. Bb5 a6 4. Ba4 Nf6 5. O-O Be7 6. Re1 b5 7. Bb3 d6 8. c3 O-O 9. h3 Na5 10. Bc2 c5 11. d4 Qc7 12. Nbd2 cxd4 13. cxd4 Bd7 14. Nf1 Rac8 15. Ne3 Nc6 16. d5 Nb4 17. Bb1 a5 18. a3 Na6 19. Bd2 a4 20. g4 h5 21. g5 Nh7 22. h4 g6 23. Qe2 Nc5 24. Bc2 f6 25. gxf6 Rxf6 26. Rac1 Rcf8 27. Ng5 Nxg5 28. hxg5 Rxf2 29. Qxf2 Rxf2 30. Kxf2 Bxg5 31. Rg1 Qd8 32. Ke2 Kh7 33. Rcf1 Bf4 34. Rf2 b4 35. axb4 Bb5+ 36. Kd1 Nd3 37. Bxd3 Bxd3 38. Rfg2 Bxe4 39. Rf2 Qb6 40. Rgf1 Bxe3 0-1

[Event "*** Titled Tuesday Blitz"]
[Site "Chess.com"]
[Date "2021.02.02"]
[Round "7"]
[White "fish7728"]
[Black "oogee"]
[Result "1-0"]
[WhiteElo "2192"]
[BlackElo "2338"]
[TimeControl "180+1"]
[EndTime "11:18:09 PST"]
[Termination "fish7728 won by resignation"]

1. d4 Nf6 2. c4 g6 3. Nc3 Bg7 4. e4 d6 5. f3 O-O 6. Be3 c5 7. Nge2 Nc6 8. Qd2 Qa5 9. d5 Ne5 10. Nc1 h5 11. Be2 h4 12. O-O e6 13. h3 exd5 14. cxd5 a6 15. f4 Ned7 16. Bf3 Re8 17. Nd3 b5 18. e5 dxe5 19. fxe5 Nxe5 20. Nxe5 Rxe5 21. Bf4 Rf5 22. d6 Ra7 23. Ne4 Nd5 24.
Qxa5 Bd4+ 25. Kh1 Rd7 26. Bh2 Ne3 27. Bg4 Nxg4 28. hxg4 Rd5 29. Nf6+ Bxf6 30. Rxf6 Kg7 31. Raf1 c4 32. Qc3 Kg8 33. Qf3 Rd3 34. Qf4 h3 35. gxh3 Bb7+ 36. Kg1 Rxh3 37. Rxf7 1-0

[Event "*** Titled Tuesday Blitz"]
[Site "Chess.com"]
[Date "2021.02.02"]
[Round "7"]
[White "GCamachoMartinez"]
[Black "PetrolulSah"]
[Result "1-0"]
[WhiteElo "2428"]
[BlackElo "2204"]
[TimeControl "180+1"]
[EndTime "11:18:11 PST"]
[Termination "GCamachoMartinez won by resignation"]

1. d4 Nf6 2. c4 c6 3. Nf3 d5 4. Nc3 g6 5. Bf4 Bg7 6. e3 O-O 7. cxd5 cxd5 8. Be2 Nc6 9. O-O Bf5 10. Qb3 Ne4 11.
Qxb7 Rc8 12. Rac1 Qa5 13. a3 e6 14. Nxe4 dxe4 15. Rxc6 Rxc6 16. Qxc6 exf3 17. Bxf3 Qd2 18.
Qc1 Qd3 19. b4 e5 20. dxe5 Rc8 21. Qd1 Qxa3 22. b5 Qc5 23. Bc6 a6 24. Bb7 Rc7 25.
bxa6 Bxe5 26. Bxe5 Qxe5 27. Qd8+ Kg7 28. h3 Qc5 29. Qd4+ Qxd4 30. exd4 Bc8 31. Rb1 Rc4 32. Bxc8 Rxc8 33. a7 Ra8 34. Rb7 Kf6 35. Kf1 Ke6 36. Ke2 h5 37. Kd3 f5 38. Kc4 g5 39. Kb5 f4 40.
Kb6 g4 41. Rb8 Rxa7 42. Kxa7 f3 43. gxf3 gxh3 44. Rh8 Kf5 45. Rxh5+ 1-0

[Event "*** Titled Tuesday Blitz"]
[Site "Chess.com"]
[Date "2021.02.02"]
[Round "7"]
[White "Unknown_IM"]
[Black "DonPreuss"]
[Result "1-0"]
[WhiteElo "2379"]
[BlackElo "2215"]
[TimeControl "180+1"]
[EndTime "11:18:11 PST"]
[Termination "Unknown_IM won on time"]

1. e4 e5 2. Nf3 d5 3. Nxe5 Bd6 4. d4 dxe4 5. Nc3 Bxe5 6. dxe5 Qxd1+ 7. Nxd1 Nc6 8. Bf4 Nge7 9. Nc3 Ng6 10. Bg3 Ngxe5 11. Bb5 Bd7 12. O-O-O O-O-O 13. Nxe4 Rhe8 14. Nc5 f6 15.
Rhe1 Bf5 16. Rxd8+ Rxd8 17. h3 a6 18. Ba4 b6 19. Nxa6 Kb7 20. Bxe5 Nxe5 21. Nb4 c5 22. f4 Ng6 23. Nc6 Rd6 24. Ne7 Nxe7 25. Rxe7+ Ka6 26. c4 b5 27. Bxb5+ Kb6 28. a4 g5 29. fxg5 fxg5 30. Re5 Rf6 31. g4 Bd3 32.
Rxg5 Rf2 33. b4 cxb4 34. c5+ Ka5 35. Bxd3 b3 36. c6+ 1-0

[Event "*** Titled Tuesday Blitz"]
[Site "Chess.com"]
[Date "2021.02.02"]
[Round "7"]
[White "losersgame"]
[Black "AntonovaNadezhda"]
[Result "1-0"]
[WhiteElo "2370"]
[BlackElo "2157"]
[TimeControl "180+1"]
[EndTime "11:18:12 PST"]
[Termination "losersgame won on time"]

1. d4 Nf6 2. c4 g6 3. Nc3 Bg7 4. e4 d6 5. f3 O-O 6. Be3 c5 7. d5 e6 8. Bd3 exd5 9. cxd5 Nbd7 10.
Nge2 a6 11. a4 b6 12. Ng3 Re8 13. O-O Ne5 14. Be2 h5 15. Qd2 h4 16. Nh1 Nh7 17. Nf2 f5 18. f4 Ng4 19. Bxg4 fxg4 20. g3 h3 21. Rfe1 Bd7 22. Rab1 b5 23. axb5 axb5 24. b4 Ra3 25. Rec1 c4 26. Bd4 Bxd4 27. Qxd4 Qa8 28. e5 dxe5 29. fxe5 Bf5 30. e6 Ng5 31.
Qf6 Nf3+ 32. Kh1 Qa7 33. Nxg4 Bxg4 34. Qxg6+ 1-0

[Event "*** Titled Tuesday Blitz"]
[Site "Chess.com"]
[Date "2021.02.02"]
[Round "7"]
[White "tylityli"]
[Black "cukin84"]
[Result "0-1"]
[WhiteElo "2307"]
[BlackElo "2144"]
[TimeControl "180+1"]
[EndTime "11:18:12 PST"]
[Termination "cukin84 won by resignation"]

1. d4 f5 2. Nf3 Nf6 3. c4 g6 4. b4 Bg7 5. Bb2 O-O 6. e3 a5 7. a3 axb4 8. axb4 Rxa1 9. Bxa1 c6 10. Bd3 Na6 11. Qb3 Kh8 12. O-O d6 13. b5 Nc7 14.
Nc3 Be6 15. Bb2 Qd7 16. Ra1 cxb5 17. Nxb5 Na6 18. h3 Bg8 19. Rc1 Ne4 20. Qc2 Nb4 21.
Qb1 Nxd3 22. Qxd3 Rc8 23. Ra1 Bxc4 24. Qa3 Qxb5 25. Bc1 h6 26. h4 Kh7 27. Nd2 Nxd2 28.
Bxd2 Bd5 29. Be1 Qe2 30. Qb4 Qg4 31. f3 Bxf3 32. Qd2 Be4 33. Ra2 Bf6 34. Qf2 Rc1 35.
Qd2 Rd1 36. Qf2 Bxh4 0-1

[Event "*** Titled Tuesday Blitz"]
[Site "Chess.com"]
[Date "2021.02.02"]
[Round "7"]
[White "xberli"]
[Black "Thjop"]
[Result "0-1"]
[WhiteElo "2492"]
[BlackElo "2673"]
[TimeControl "180+1"]
[EndTime "11:18:13 PST"]
[Termination "Thjop won by checkmate"]

1. c4 Nf6 2. Nc3 g6 3. g3 Bg7 4. Bg2 O-O 5. e4 d6 6. Nge2 e5 7. O-O Nc6 8. d3 a5 9. h3 Nd7 10.
Be3 Nc5 11. d4 exd4 12. Nxd4 Ne5 13. Qe2 c6 14. Rad1 a4 15. Kh2 Qa5 16. f4 Ned7 17. f5 a3 18. fxg6 hxg6 19. Nb3 Nxb3 20. axb3 axb2 21.
Nb1 Qb4 22. Qc2 Nc5 23. Bxc5 dxc5 24. Rd3 Be6 25. Nc3 Ra1 26. Nb1 b5 27. cxb5 cxb5 28. e5 Bxe5 29. Re3 Bg7 30. h4 c4 31. h5 cxb3 32. Qd1 gxh5 33. Qxh5 Qg4 34. Qxb5 Qg6 35. Nd2 Qh6+ 36. Kg1 Qxe3+ 37. Kh2 Qh6+ 38. Kg1 Bd4# 0-1

[Event "*** Titled Tuesday Blitz"]
[Site "Chess.com"]
[Date "2021.02.02"]
[Round "7"]
[White "onnoelgersma"]
[Black "CzechmVIII"]
[Result "1-0"]
[WhiteElo "2464"]
[BlackElo "2267"]
[TimeControl "180+1"]
[EndTime "11:18:13 PST"]
[Termination "onnoelgersma won by checkmate"]

1. Nf3 c5 2. e4 d6 3. Bb5+ Bd7 4. a4 Nf6 5. Nc3 Nc6 6. O-O g6 7. d3 Bg7 8. Bg5 O-O 9. h3 a6 10. Bxc6 Bxc6 11. a5 Re8 12. Qd2 Nd7 13. h4 Ne5 14. Nxe5 dxe5 15. Be3 e6 16. Bxc5 Qxh4 17. b4 Rac8 18.
Nd1 f5 19. f3 Bh6 20. Be3 Bf8 21. c3 Qd8 22. Bb6 Qd7 23. Ne3 fxe4 24. fxe4 Bxe4 25. Ng4 Qxd3 26. Nf6+ Kh8 27. Qg5 Bf5 28. Rf3 Qc4 29.
Rd1 Be7 30. Rd7 Qb3 31. Qh6 Bxf6 32. Qxh7# 1-0

[Event "*** Titled Tuesday Blitz"]
[Site "Chess.com"]
[Date "2021.02.02"]
[Round "7"]
[White "Bodnar_Mykola"]
[Black "Chimpinha"]
[Result "1/2-1/2"]
[WhiteElo "2543"]
[BlackElo "2397"]
[TimeControl "180+1"]
[EndTime "11:18:14 PST"]
[Termination "Game drawn by repetition"]

1. e4 e6 2. d4 d5 3. Nc3 Nf6 4.
Bg5 dxe4 5. Nxe4 Be7 6. Bxf6 gxf6 7. Nf3 f5 8. Nc3 a6 9. Qd2 b5 10. O-O-O Bb7 11. d5 b4 12. Bc4 bxc3 13. Qxc3 Bf6 14.
Qb4 Bxd5 15. Bxd5 exd5 16. Rhe1+ Be7 17. Rxe7+ Qxe7 18. Re1 Nc6 19. Rxe7+ Nxe7 20. Qc5 Rg8 21. g3 Rg6 22. Ne5 Re6 23. Qxc7 Rc8 24. Qd7+ Kf8 25. f4 Rb6 26. a4 f6 27. Nd3 Rbc6 28. c3 R8c7 29. Qd8+ Kf7 30. Qh8 d4 31. Qxh7+ Ke6 32. Nb4 Rc4 33. Nxa6 R7c6 34. Nb8 Rc8 35. Na6 dxc3 36. b4 c2 37. Nc5+ Kd6 38. Qf7 Rxb4 39. Qe6+ Kxc5 40. Qxe7+ Kc4 41. Kxc2 Kd4+ 42. Kd2 Rb2+ 43.
Kd1 Rb1+ 44. Kd2 Rb2+ 45. Kd1 Rb1+ 46. Kd2 Rb2+ 1/2-1/2

[Event "*** Titled Tuesday Blitz"]
[Site "Chess.com"]
[Date "2021.02.02"]
[Round "7"]
[White "Vesper2018"]
[Black "J36225"]
[Result "0-1"]
[WhiteElo "2585"]
[BlackElo "2448"]
[TimeControl "180+1"]
[EndTime "11:18:16 PST"]
[Termination "J36225 won on time"]

1. e4 e5 2. Nf3 Nc6 3. Bc4 Nf6 4. d3 Be7 5. O-O O-O 6. Re1 d6 7. c3 Na5 8. Bb5 a6 9. Ba4 b5 10. Bc2 c5 11. Nbd2 Nc6 12. Nf1 d5 13. exd5 Qxd5 14. h3 Bb7 15. Ne3 Qd7 16. d4 cxd4 17. cxd4 exd4 18. Nf5 Rfe8 19. Bg5 Rad8 20. Nxe7+ Rxe7 21. Bxf6 Rxe1+ 22. Qxe1 gxf6 23. Rd1 Qd5 24. Qd2 Ne5 25. Qh6 d3 26. Qxf6 Nxf3+ 27. gxf3 dxc2 28. Qxd8+ Qxd8 29. Rxd8+ Kg7 0-1